 Dungeon Crawl Stone Soup version 0.29-a0-330-g52719c12eb (webtiles) character file.

Game seed: 17110144281632656604

914 kae the Firebug (level 8, -2/52 HPs)
             Began as an Octopode Fire Elementalist on Apr 18, 2022.
             Slain by Edmund
             ... wielding a +2 dire flail of protection
              (18 damage)
             ... on level 4 of the Dungeon.
             The game lasted 00:04:19 (6556 turns).

kae the Firebug (Octopode Fire Elementalist)        Turns: 6556, Time: 00:04:20

Health: -2/52      AC:  1    Str:  8    XL:     8   Next: 9%
Magic:  5/13       EV: 14    Int: 25    God:
Gold:   297        SH:  0    Dex: 12    Spells: 5/14 levels left

rFire   . . .      SeeInvis .   k - +4 dagger
rCold   . . .      Faith    .   (no shield)
rNeg    + . .      Spirit   .   (helmet restricted)
rPois   .          Reflect  .   (no amulet)
rElec   .          Harm     .   i - +6 ring of intelligence
rCorr   .          Rampage  .   m - ring of positive energy
Will    .....                   (no ring)
Stlth   +++++.....              (no ring)
HPRegen 0.17/turn               (no ring)
MPRegen 0.13/turn               (no ring)
                                (no ring)
                                (no ring)

@: hasted, very quick
A: almost no armour, amphibious, 8 rings, camouflage 1, gelatinous body 1,
nimble swimmer 1, tentacles
a: no special abilities


You were on level 4 of the Dungeon.
You visited 1 branch of the dungeon, and saw 4 of its levels.

You collected 297 gold pieces.

Inventory:

Hand Weapons
 f - a +0 dagger
 k - a +4 dagger (weapon)
Jewellery
 g - a ring of wizardry
 i - a +6 ring of intelligence (left tentacle)
 m - a ring of positive energy (right tentacle)
Wands
 p - a wand of iceblast (5)
Scrolls
 e - a scroll of enchant weapon
 l - a scroll of identify
 q - a scroll of blinking
Potions
 b - a potion of attraction {unknown}
 h - 2 potions of heal wounds
 j - a potion of ambrosia {unknown}
 n - 2 potions of curing {unknown}
 o - a potion of berserk rage
 r - a potion of might {unknown}


   Skills:
 + Level 3.1 Fighting
 + Level 3.9 Dodging
 + Level 5.4 Stealth
 + Level 3.6 Spellcasting
 + Level 3.1 Conjurations
 * Level 5.6 Fire Magic


You had 5 spell levels left.
You knew the following spells:

 Your Spells              Type           Power      Damage    Failure   Level
a - Foxfire               Conj/Fire      100%       2x1d9     1%          1
b - Scorch                Fire           64%        2d8       1%          2
c - Conjure Flame         Conj/Fire      26%        6-21      4%          3
d - Inner Flame           Hex/Fire       18%        N/A       9%          3

Your spell library contained the following spells:

 Spells                   Type           Power      Damage    Failure   Level
 Ignite Poison            Fire/Tmut/Pois 13%        N/A       13%         3
 Flame Wave               Conj/Fire      26%        2d7       16%         4
 Mephitic Cloud           Conj/Pois/Air  9%         N/A       19%         3
 Gell's Gravitas          Tloc           4%         N/A       28%         3
 Lesser Beckoning         Tloc           4%         N/A       28%         3
 Teleport Other           Tloc           4%         N/A       28%         3
 Freezing Cloud           Conj/Ice/Air   4%         6-21      86%         5


Dungeon Overview and Level Annotations

Branches:
Dungeon (4/15)
 Temple: D:4-7

Altars:
Yredelemnul

Shops:
D:4 (

Annotations:
D:4 Edmund


Innate Abilities, Weirdness & Mutations

You cannot wear most types of armour.
You are amphibious.
You can wear up to eight rings at the same time.
Your skin changes colour to match your surroundings (Stealth+).
Your rubbery body absorbs attacks. (AC +1, EV +1)
You are camouflaged when in or above water. (Stealth+)
You have tentacles for arms and can constrict up to eight enemies at once.


Message History

Edmund is severely wounded.
Edmund closely misses you.
Casting: Foxfire (safe; 1% risk of failure)
Confirm with . or Enter, or press ? or * to list all spells.
You conjure some foxfire!
The foxfire hits Edmund but does no damage.
Edmund is severely wounded.
The foxfire hits Edmund but does no damage.
Edmund is severely wounded.
Casting: Foxfire (safe; 1% risk of failure)
Confirm with . or Enter, or press ? or * to list all spells.
You conjure some foxfire!
Edmund is engulfed in a cloud of scalding steam.
The foxfire hits Edmund.
Edmund is almost dead.
The foxfire hits Edmund but does no damage.
Edmund is almost dead.
Casting: Foxfire (safe; 1% risk of failure)
Confirm with . or Enter, or press ? or * to list all spells.
You conjure some foxfire!
Edmund says, "People will remember me!
They'll remember me and die!"
The foxfire hits Edmund but does no damage.
Edmund is almost dead.
The foxfire hits Edmund but does no damage.
Edmund is almost dead.
Casting: Foxfire (safe; 1% risk of failure)
Confirm with . or Enter, or press ? or * to list all spells.
You conjure some foxfire!
The foxfire hits Edmund.
Edmund is almost dead.
The foxfire hits Edmund but does no damage.
Edmund is almost dead.
Edmund hits you with a +2 dire flail of protection!
Casting: Foxfire (safe; 1% risk of failure)
Confirm with . or Enter, or press ? or * to list all spells.
You conjure some foxfire!
The foxfire hits Edmund but does no damage.
Edmund is almost dead.
Edmund hits you with a +2 dire flail of protection!!
You die...

##.....# ######..##.##.#.....#
#..#...###..##...............#
#.##.#.....[#..............###
##.##....)..)....)......##...###
##....8...#......≈≈..#..##.....#
#......)..##....≈≈≈..#.....##..##
#..........#...≈§≈.........##...#
##......#..#...≈v@......∩......##
..##...###.#...§@.#.....#........
.......##..###.§.§#.....###......
...#####...# #.)..).......#......
..<.# ##..###...................
...### #.......................#
.....# #....##))................
....#####.#####.................#
....#.#.#...##..[.......>...<...#
##.................#.............


You could see Edmund (ally target).

Vanquished Creatures
  Grinder (D:4)
  Sigmund (D:4)
  A scorpion (D:4)
  A necrophage (D:3)
  A hound (D:3)
  A jelly (D:4)
  An orc priest (D:4)
  Natasha (thrice) (D:4)
  4 orc wizards
  3 adders
  2 worms
  7 dart slugs
  14 orcs
  8 ball pythons
  5 endoplasms
  5 giant cockroaches
  9 goblins
  8 hobgoblins
  3 quokkas
  6 bats
  16 frilled lizards
  12 kobolds
  24 rats
136 creatures vanquished.

Vanquished Creatures (collateral kills)
  2 foxfires (D:1)
2 creatures vanquished.

Vanquished Creatures (others)
  504 foxfires
  A fungus (D:1)
  6 plants (D:1)
511 creatures vanquished.

Grand Total: 649 creatures vanquished

Notes
Turn   | Place    | Note
-------+----------+-------------------------------------------
     0 | D:1      | kae the Octopode Fire Elementalist began the quest for the
                  | Orb.
     0 | D:1      | Reached XP level 1. HP: 11/11 MP: 3/3
   159 | D:1      | Reached XP level 2. HP: 18/18 MP: 1/5
   802 | D:1      | Reached XP level 3. HP: 22/22 MP: 1/6
   897 | D:1      | Found a faded altar of an unknown god.
  1531 | D:1      | Reached skill level 1 in Fighting
  2278 | D:2      | Found a basalt altar of Yredelemnul.
  2286 | D:2      | Reached XP level 4. HP: 26/28 MP: 4/7
  3315 | D:3      | Reached XP level 5. HP: 33/33 MP: 4/8
  4534 | D:4      | Noticed Natasha
  4913 | D:3      | Reached XP level 6. HP: 14/39 MP: 4/10
  5269 | D:4      | Found Buhoubb's Weapon Emporium.
  5285 | D:4      | Killed Natasha
  5550 | D:4      | HP: 1/39 [acid (9)]
  5718 | D:4      | Noticed Grinder
  5748 | D:4      | Noticed Natasha
  5753 | D:4      | Killed Natasha
  5754 | D:4      | Reached XP level 7. HP: 45/45 MP: 7/11
  5820 | D:4      | Learned a level 2 spell: Scorch
  5824 | D:4      | Learned a level 3 spell: Conjure Flame
  5878 | D:4      | Learned a level 3 spell: Inner Flame
  5941 | D:4      | Noticed Sigmund
  5953 | D:4      | Killed Sigmund
  5954 | D:4      | Reached skill level 5 in Stealth
  5954 | D:4      | Reached skill level 5 in Fire Magic
  6201 | D:4      | Noticed Natasha
  6204 | D:4      | Killed Natasha
  6228 | D:4      | Paralysed by Grinder for 3 turns
  6239 | D:4      | Paralysed by Grinder for 3 turns
  6246 | D:4      | Killed Grinder
  6247 | D:4      | Reached XP level 8. HP: 52/52 MP: 1/13
  6478 | D:4      | Noticed Edmund
  6556 | D:4      | Slain by Edmund

Illustrated notes

Levels and vault maps discovered:
D:1:      amcnicky_arrival_underground_garden, layout_basic,
          serial_corexii_hall, corexii_hall_statues_l, corexii_hall_statues_l,
          shapermc_ecumenical_altar_gd, hangedman_decor_push,
          hangedman_decor_peaks_small, minmay_lizard_king
D:2:      layout_loops_cross, basic_altar, st_stairs_9, minmay_strange_pillars,
          minmay_cupped
D:3:      layout_loops_ring, minmay_rat_hole
D:4:      layout_cave_pools, serial_column_ruins, column_ruins_hut_ruined,
          column_ruins_columns_straight, column_ruins_open_tiny_water,
          column_ruins_grid_1, column_ruins_corridor_dead_end,
          column_ruins_open_tiny, serial_shops, shop, uniq_edmund, uniq_sigmund,
          uniq_grinder, uniq_natasha

Skill      XL: |  1  2  3  4  5  6  7 |
---------------+----------------------+-----
Stealth        | 3 4 5 |  5.4
Fighting       | 1 2 3 |  3.1
Fire Magic     | 4 5 |  5.6
Conjurations   | 2 3 |  3.1
Dodging        | 3 |  3.9
Spellcasting   | 3 |  3.6

Action                   |  1- 3 |  4- 6 |  7- 9 || total
-------------------------+-------+-------+-------++-------
Melee: Unarmed           |    20 |       |       ||    20
       Constrict         |     4 |     9 |       ||    13
       Tentacles         |     1 |     6 |       ||     7
       Dagger            |       |    38 |       ||    38
 Cast: Foxfire           |    94 |   139 |    59 ||   292
  Use: Scroll            |       |     7 |       ||     7
       Potion            |       |     1 |     3 ||     4
 Stab: Sleeping          |       |     2 |       ||     2
Armor: Skin              |     7 |     5 |     5 ||    17
Dodge: Dodged            |    33 |    48 |     7 ||    88

Table legend: (Time is in decaauts)
 A = Elapsed time spent in this place.
 B = Non-inter-level travel time spent in this place.
 C = Inter-level travel time spent in this place.
 D = Time resting spent in this place.
 E = Time spent auto-exploring this place.
 F = Levels seen in this place.
 G = Mean time per level.
                   A        B        C        D        E       F      G
               +--------+--------+--------+--------+--------+-----+--------+
         Total |   6548 |   6446 |    102 |    672 |   4772 |   4 | 1637.0 |
       Dungeon |   6548 |   6446 |    102 |    672 |   4772 |   4 | 1637.0 |
               +--------+--------+--------+--------+--------+-----+--------+

Top non-repeatable levels by time:
     D:1: 2005 daAuts
     D:3: 1826 daAuts
     D:4: 1455 daAuts
     D:2: 1261 daAuts
